 Dungeon Crawl Stone Soup version 0.23.2-11-gf996548 (webtiles) character file.

Game seed: 13192372348819874850

5237 Fang the Fighter (level 10, -4/66 HPs)
             Began as a Gargoyle Berserker on June 6, 2019.
             Was a High Priest of Trog.
             Slain by an orc warrior
             ... wielding a +0 trident
              (9 damage)
             ... on level 9 of the Dungeon.
             The game lasted 00:09:38 (7251 turns).

Fang the Fighter (Gargoyle Berserker)               Turns: 7251, Time: 00:09:40

Health: -4/66      AC: 22    Str: 28    XL:     10   Next: 61%
Magic:  10/10      EV: 10    Int:  7    God:    Trog [*****.]
Gold:   559        SH:  0    Dex:  9    Spells: 9/9 levels left

rFire    . . .     SeeInvis .   a - +0 war axe
rCold    . . .     Gourm    .   (no shield)
rNeg     + . .     Faith    .   b - +0 plate armour
rPois    ∞         Spirit   .   (no helmet)
rElec    +         Reflect  .   (no cloak)
rCorr    .         Harm     .   e - +0 pair of gloves {Str+3}
MR       .....                  (no boots)
Stlth    ..........             w - amulet of regeneration
HPRegen  0.61/turn              r - ring "Monkob" {Wiz Stlth+}
MPRegen  0.12/turn              q - ring of flight

@: berserk cooldown, slowed, very slow
A: negative energy resistance 1, electricity resistance, unbreathing,
petrification resistance, rot immunity, AC +7
a: Berserk, Trog's Hand, Brothers in Arms, Renounce Religion, Evoke Flight


You were on level 9 of the Dungeon.
You worshipped Trog.
Trog was extremely pleased with you.
You were very hungry.

You visited 2 branches of the dungeon, and saw 10 of its levels.

You collected 559 gold pieces.

Inventory:

Hand Weapons
 a - a +0 war axe (weapon)
 g - a +1 hand axe of flaming
Armour
 b - a +0 plate armour (worn)
 e - a +0 pair of gloves of strength (worn)
Jewellery
 q - a ring of flight (right hand)
 r - the ring "Monkob" (left hand) {Wiz Stlth+}
   (You found it on level 4 of the Dungeon)

   [ring of wizardry]

   It improves your spell success rate.
   It makes you more stealthy.
 w - an amulet of regeneration (around neck)
 y - a +4 ring of intelligence
Wands
 i - a wand of polymorph (8)
 o - a wand of digging (7)
 u - a wand of flame (42)
Scrolls
 k - a scroll of fog
 l - 5 scrolls of teleportation
 m - 5 scrolls of remove curse
 n - 2 scrolls of magic mapping
 v - a scroll of identify
Potions
 d - a potion of mutation {unknown}
 f - 5 potions of heal wounds
 h - 2 potions of might
 j - a potion of resistance
 s - 2 potions of flight
 t - 2 potions of ambrosia
 x - 4 potions of curing {unknown}
 z - a potion of cancellation {unknown}
 A - a potion of haste {unknown}
Comestibles
 c - 13 rations
 p - 3 chunks of flesh


   Skills:
 + Level 9.1 Fighting
 + Level 7.6 Axes
 + Level 8.8 Armour
 + Level 6.6 Dodging


You had 9 spell levels left.
You didn't know any spells.
Your spell library was empty.

Dungeon Overview and Level Annotations

Branches:
Dungeon (9/15)             Temple (1/1) D:7
   Lair: D:8-11         Orc: D:9-12

Altars:
Ashenzari
Cheibriados
Fedhas
Hepliaklqana
Kikubaaqudgha
Makhleb
Nemelex Xobeh
Okawaru
Ru
Sif Muna
Trog
Uskayaw
Vehumet
Xom
Zin
The Shining One


Innate Abilities, Weirdness & Mutations

You are resistant to torment.
Your stone body is resilient. (AC +7)
You are immune to poison.
You resist negative energy. (rN+)
You are resistant to electric shocks. (rElec)
You can survive without breathing.
You are immune to petrification.
You are immune to rotting.


Message History

The orc warrior hits you from afar with a +0 trident!
* * * LOW HITPOINT WARNING * * *
You barely miss the orc. The orc hits you but does no damage.
The orc warrior hits you from afar with a +0 trident.
* * * LOW HITPOINT WARNING * * *
The orc hits you with a +0 short sword.
* * * LOW HITPOINT WARNING * * *
You hit the orc but do no damage.
The orc warrior hits you from afar with a +0 trident.
* * * LOW HITPOINT WARNING * * *
The orc hits you but does no damage.
The orc warrior hits you but does no damage.
You closely miss the orc. The orc hits you but does no damage.
The orc warrior closely misses you. The orc hits you but does no damage.
You slash the orc!
You kill the orc!
Trog accepts your kill. The orc warrior misses you.
The orc warrior hits you from afar with a +0 trident!
You die...

### #######.##
.........#
#######.######### #
#.........# #####
###############.##o.....
....... #.@oo.....
####### ####o##### # # #
# .# # #.# # ######.# #
##.....# ####...#.##
..).(.(..(#


You could see an orc warrior and 3 orcs.

Vanquished Creatures
  Harold (D:7)
  A hornet (D:9)
  Grinder (D:6)
  Prince Ribbit (D:6)
  Eustachio (D:5)
  Edmund (D:4)
  Duvessa (D:5)
  A phantom (D:7)
  2 sky beasts
  A black bear (D:7)
  3 ogres (D:5)
  4 centaurs
  Blork the orc (D:6)
  5 bullfrogs
  A wyvern skeleton (D:9)
  5 scorpions
  Dowan (D:5)
  12 killer bees
  A crimson imp (D:8)
  2 bullfrog zombies (D:5)
  A quasit (D:7)
  6 jellies
  5 orc priests
  5 hounds
  A bullfrog skeleton (D:6)
  4 iguanas
  9 orc wizards
  Ijyb (D:5)
  5 worker ants
  A worker ant zombie (D:7)
  Robin (D:2)
  A gnoll (D:1)
  8 adders
  A shadow imp (D:7)
  5 oozes (D:8)
  An adder skeleton (D:5)
  An adder zombie (D:8)
  3 worms
  A dart slug (D:2)
  3 leopard geckos
  24 orcs
  14 bats
  4 giant cockroaches
  13 goblins
  12 hobgoblins
  7 jackals (D:1)
  4 quokkas
  2 ball pythons (D:3)
  4 frilled lizards
  9 kobolds
  A leopard gecko skeleton (D:6)
  A leopard gecko zombie (D:7)
  8 rats
212 creatures vanquished.

Vanquished Creatures (others)
  An orc wizard (D:9)
  2 fungi (D:9)
3 creatures vanquished.

Grand Total: 215 creatures vanquished

Notes
Turn   | Place    | Note
-------+----------+-------------------------------------------
     0 | D:1      | Fang the Gargoyle Berserker began the quest for the Orb.
     0 | D:1      | Reached XP level 1. HP: 14/14 MP: 1/1
    79 | D:1      | Reached XP level 2. HP: 9/19 MP: 2/2
   489 | D:1      | Reached XP level 3. HP: 16/23 MP: 3/3
   757 | D:1      | Reached ** piety under Trog
  1290 | D:2      | Reached XP level 4. HP: 28/29 MP: 4/4
  1346 | D:2      | Noticed Robin
  1357 | D:2      | Killed Robin
  1358 | D:2      | Reached skill level 4 in Fighting
  1493 | D:2      | Found an iron altar of Okawaru.
  1522 | D:2      | Reached XP level 5. HP: 30/33 MP: 5/5
  1544 | D:2      | Reached *** piety under Trog
  1643 | D:2      | You fall through a shaft!
  1890 | D:3      | Found a glowing golden altar of the Shining One.
  2095 | D:3      | Found a blossoming altar of Fedhas.
  2345 | D:4      | Reached XP level 6. HP: 39/39 MP: 6/6
  2580 | D:4      | Reached skill level 5 in Fighting
  2580 | D:4      | Reached XP level 7. HP: 40/44 MP: 7/7
  2735 | D:4      | Got a twitching lapis lazuli ring
  2752 | D:4      | Identified the ring "Monkob" {Wiz Stlth+} (You found it on
                  | level 4 of the Dungeon)
  2932 | D:4      | Noticed Edmund
  2947 | D:4      | Killed Edmund
  3048 | D:5      | Entered Level 5 of the Dungeon
  3064 | D:5      | Reached **** piety under Trog
  3073 | D:5      | Reached skill level 5 in Armour
  3521 | D:5      | Found a hazy altar of Hepliaklqana.
  3533 | D:5      | Reached XP level 8. HP: 47/51 MP: 8/8
  3611 | D:5      | Reached skill level 5 in Axes
  3612 | D:5      | Reached skill level 6 in Fighting
  3640 | D:5      | Noticed Eustachio
  3680 | D:5      | Killed Eustachio
  4040 | D:5      | Noticed Ijyb
  4046 | D:5      | Killed Ijyb
  4400 | D:5      | Noticed Dowan
  4401 | D:5      | Noticed Duvessa
  4415 | D:5      | Killed Dowan
  4420 | D:5      | Killed Duvessa
  4427 | D:5      | Found a radiant altar of Vehumet.
  4444 | D:5      | Found a sparkling altar of Nemelex Xobeh.
  4446 | D:5      | Found a hide-covered altar of Uskayaw.
  4512 | D:6      | Found a bloodstained altar of Trog.
  4512 | D:6      | Found a shattered altar of Ashenzari.
  4517 | D:6      | Reached XP level 9. HP: 56/56 MP: 9/9
  4522 | D:6      | Reached skill level 7 in Fighting
  4538 | D:6      | Reached skill level 5 in Dodging
  4936 | D:6      | Noticed Prince Ribbit
  5018 | D:6      | Noticed Blork the orc
  5019 | D:6      | Noticed Grinder
  5027 | D:6      | Killed Blork the orc
  5034 | D:6      | Paralysed by Grinder for 3 turns
  5040 | D:6      | Killed Grinder
  5105 | D:6      | Found a burning altar of Makhleb.
  5155 | D:6      | Killed Prince Ribbit
  5193 | D:6      | Found a deep blue altar of Sif Muna.
  5341 | D:7      | Found a staircase to the Ecumenical Temple.
  5376 | Temple   | Entered the Ecumenical Temple
  5527 | D:7      | Reached skill level 8 in Fighting
  5803 | D:7      | Reached XP level 10. HP: 53/64 MP: 10/10
  5840 | D:7      | Found a snail-covered altar of Cheibriados.
  5933 | D:7      | Noticed Harold
  5950 | D:7      | Killed Harold
  6161 | D:7      | Found a sacrificial altar of Ru.
  6374 | D:8      | Found a glowing silver altar of Zin.
  6377 | D:8      | Noticed an angel
  6382 | D:8      | Found a shimmering altar of Xom.
  6440 | D:8      | Found a blossoming altar of Fedhas.
  6502 | D:8      | Found an ancient bone altar of Kikubaaqudgha.
  6812 | D:8      | Reached ***** piety under Trog
  7190 | D:9      | Reached skill level 9 in Fighting
  7249 | D:9      | HP: 3/66 [orc warrior/+0 trident (3)]
  7251 | D:9      | Slain by an orc warrior

Skill      XL: |  1  2  3  4  5  6  7  8  9 10 |
---------------+-------------------------------+-----
Axes           | 3 4 5 6 7 |  7.6
Dodging        | 2 3 4 5 6 |  6.6
Armour         | 3 4 5 6 7 8 |  8.8
Fighting       | 4 5 6 8 9 |  9.1

Action                   |  1- 3 |  4- 6 |  7- 9 | 10-12 || total
-------------------------+-------+-------+-------+-------++-------
Melee: Hand axe          |   102 |   194 |   168 |       ||   464
       War axe           |       |       |   227 |   210 ||   437
Invok: Berserk           |     1 |     1 |     6 |     2 ||    10
       Trog's Hand       |       |       |     1 |       ||     1
  Use: Scroll            |       |       |    14 |     4 ||    18
  Eat: Chunk             |     2 |     3 |    10 |     5 ||    20
       Ration            |       |     1 |     2 |       ||     3
Armor: Animal skin       |    41 |       |       |       ||    41
       Plate armour      |    22 |   191 |   455 |   152 ||   820
       Skin              |     3 |       |       |       ||     3
Dodge: Dodged            |    90 |    95 |   256 |    96 ||   537
